 Dungeon Crawl Stone Soup version 0.27-a0-1196-g3e9cee4cb2 (webtiles) character file.

Game seed: 10779771836039643938

31 Gargoyl the Skirmisher (level 3, -1/35 HPs)
             Began as a Gnoll Abyssal Knight on May 29, 2021.
             Was a Follower of Lugonu.
             Slain by Jessica
             ... wielding a +0 club
              (4 damage)
             ... on level 2 of the Dungeon.
             The game lasted 00:01:40 (1360 turns).

Gargoyl the Skirmisher (Gnoll Abyssal Knight)       Turns: 1360, Time: 00:01:41

Health: -1/35      AC:  7    Str: 12    XL:     3   Next: 22%
Magic:  6/6        EV:  9    Int: 11    God:    Lugonu [*.....]
Gold:   11         SH:  0    Dex: 14    Spells: 3/3 levels left

rFire    . . .     SeeInvis .   b - +1 short sword (drain)
rCold    . . .     Faith    .   (no shield)
rNeg     . . .     Spirit   .   c - +0 scale mail of the Learner {rCorr Dex+3}
rPois    .         Reflect  .   (no helmet)
rElec    .         Harm     .   d - scarf {+Inv}
rCorr    +         Rampage  .   (no gloves)
Will     .....                  (no boots)
Stlth    ..........             (no amulet)
HPRegen  0.11/turn              (no ring)
MPRegen  0.10/turn              (no ring)

@: no status effects
A: fangs 1, strong nose, distributed training, [no potion heal 2]
a: Renounce Religion, Evoke Invisibility, Depart the Abyss


You were on level 2 of the Dungeon.
You worshipped Lugonu.
Lugonu was aware of your devotion.
You visited 1 branch of the dungeon, and saw 2 of its levels.
You visited the Abyss 1 time.

You collected 11 gold pieces.

Inventory:

Hand Weapons
 a - a +1 hand axe
 b - a +1 short sword of draining (weapon)
Missiles
 f - 5 poisoned darts (quivered)
Armour
 c - the +0 scale mail of the Learner (worn) {rCorr Dex+3}
   (You found it on level 2 of the Abyss)

   It affects your dexterity (+3).
   It protects you from acid and corrosion.
 d - a scarf of invisibility (worn)
Scrolls
 g - a scroll of noise {unknown}


   Skills:
 + Level 6.5 Fighting
 + Level 0.7 Short Blades
 + Level 0.7 Long Blades
 + Level 4.5 Axes
 + Level 0.7 Maces & Flails
 + Level 0.7 Polearms
 + Level 0.7 Staves
 + Level 0.7 Slings
 + Level 0.7 Bows
 + Level 0.7 Crossbows
 + Level 0.7 Throwing
 + Level 4.5 Armour
 + Level 2.6 Dodging
 + Level 0.7 Stealth
 + Level 0.7 Shields
 + Level 0.7 Unarmed Combat
 + Level 0.7 Spellcasting
 + Level 0.5 Conjurations
 + Level 0.5 Hexes
 + Level 0.5 Summonings
 + Level 0.5 Necromancy
 + Level 0.5 Translocations
 + Level 0.5 Transmutations
 + Level 0.5 Fire Magic
 + Level 0.5 Ice Magic
 + Level 0.5 Air Magic
 + Level 0.5 Earth Magic
 + Level 0.5 Poison Magic
 + Level 4.5 Invocations
 + Level 0.7 Evocations


You had 3 spell levels left.
You didn't know any spells.
Your spell library contained the following spells:

 Spells                   Type           Power      Damage    Failure   Level
 Animate Skeleton         Necr           2%         N/A       77%         1
 Apportation              Tloc           2%         N/A       77%         1
 Corona                   Hex            1%         N/A       77%         1
 Summon Small Mammal      Summ           4%         N/A       77%         1


Dungeon Overview and Level Annotations

Branches:
Dungeon (2/15)

Altars:

Shops:
D:1 !

Annotations:
D:2 Jessica


Innate Abilities, Weirdness & Mutations

You have very sharp teeth.
Your uncanny sense of smell can sniff out nearby items.
Your experience applies equally to all skills.
[Potions cannot restore your health.]


Message History

Jessica blinks!
The ball python barely misses you. The ball python grabs you.
The ball python constricts you.
You hit the ball python. You drain the ball python.
You kill the ball python!
Lugonu accepts your kill.
You hit the ball python.
You kill the ball python!
Lugonu accepts your kill.
You hit the endoplasm.
You kill the endoplasm!
Lugonu accepts your kill.
Jessica casts a spell.
Jessica blinks!
You see here a ball python corpse.
Jessica zaps a wand.
The puff of flame hits you but does no damage.
Jessica casts a spell at you. Pain shoots through your body!
Jessica mumbles some strange words.
Jessica blinks!
Jessica zaps a wand.
The puff of flame hits you!
Jessica zaps a wand.
The puff of flame hits you.
* * * LOW HITPOINT WARNING * * *
The now-empty wand crumbles to dust.
You hit Jessica. You drain Jessica. You bite Jessica, but do no damage.
Jessica is heavily wounded.
Jessica hits you with a +0 club.
* * * LOW HITPOINT WARNING * * *
It was a potion of heal wounds.
That seemed strangely inert.
Jessica barely misses you. x2
You closely miss Jessica.
Jessica is heavily wounded.
Jessica hits you with a +0 club.
* * * LOW HITPOINT WARNING * * *
You closely miss Jessica.
Jessica is heavily wounded.
Jessica hits you with a +0 club.
* * * LOW HITPOINT WARNING * * *
Jessica hits you with a +0 club.
You die...

## ##. #..######
#.#...... ##@.......
.#####.@..<....
...............
.####.#........ ###∆
.####.#........ ...
............... #.#
#######........ #.#
#†#.....(
####.###########.#####.#
#................# .#


You could see Jessica (fast, drained).

Vanquished Creatures
  A dart slug (D:1)
  5 ball pythons
  3 endoplasms
  A giant cockroach (D:1)
  4 goblins (D:1)
  3 hobgoblins (D:1)
  A quokka (D:1)
  3 bats
  A frilled lizard (D:1)
  2 kobolds
  2 rats
26 creatures vanquished.

Notes
Turn   | Place    | Note
-------+----------+-------------------------------------------
     0 | Abyss:1  | Gargoyl the Gnoll Abyssal Knight began the quest for the
                  | Orb.
     0 | Abyss:1  | Reached XP level 1. HP: 23/23 MP: 3/3
    61 | Abyss:2  | Found a corrupted altar of Lugonu.
    66 | Abyss:2  | Identified the +0 scale mail of the Learner {rCorr Dex+3}
    90 | Abyss:2  | Found a corrupted altar of Lugonu.
    91 | Abyss:2  | Noticed a wretched star
    92 | D:1      | Escaped the Abyss
   382 | D:1      | Reached XP level 2. HP: 27/29 MP: 5/5
   623 | D:1      | Found Biurydet's Distillery.
   818 | D:1      | Reached * piety under Lugonu
   928 | D:1      | Reached XP level 3. HP: 27/35 MP: 6/6
  1340 | D:2      | Noticed Jessica
  1360 | D:2      | Slain by Jessica

Illustrated notes

Levels and vault maps discovered:
D:1:      saegor_arrival_simple_d, layout_basic, serial_shops, shop
D:2:      wad_river_or_something, layout_rooms, uniq_sigmund, uniq_jessica

Action                   || total
-------------------------++-------
Melee: Hand axe          ||    12
       Short sword       ||    63
       Bite              ||     6
Invok: Depart the Abyss  ||     1
  Use: Scroll            ||     1
       Potion            ||     1
Armor: Scale mail        ||    39
Dodge: Dodged            ||    41

Table legend: (Time is in decaauts)
 A = Elapsed time spent in this place.
 B = Non-inter-level travel time spent in this place.
 C = Inter-level travel time spent in this place.
 D = Time resting spent in this place.
 E = Time spent auto-exploring this place.
 F = Levels seen in this place.
 G = Mean time per level.
                   A        B        C        D        E       F      G
               +--------+--------+--------+--------+--------+-----+--------+
         Total |   1364 |   1346 |     18 |      0 |   1099 |   4 |  341.0 |
       Dungeon |   1272 |   1254 |     18 |      0 |   1053 |   2 |  636.0 |
         Abyss |     91 |     91 |      0 |      0 |     46 |   2 |   45.5 |
               +--------+--------+--------+--------+--------+-----+--------+

Top non-repeatable levels by time:
     D:1: 1194 daAuts
     D:2: 78 daAuts
 Abyss:2: 50 daAuts
 Abyss:1: 41 daAuts
